[Event "Late-Titled-Tuesday-Blitz-March-19-2024"]
[Site "Chess.com"]
[Date "2024.03.19"]
[Round "1"]
[White "Szachulec75"]
[Black "slorovel"]
[Result "0-1"]
[WhiteElo "2200"]
[BlackElo "2603"]
[TimeControl "180+1"]
[EndTime "14:05:44 PDT"]
[Termination "slorovel won by resignation"]

1. Nf3 g6 2. g3 Bg7 3. Bg2 e5 4.
d3 Ne7 5. O-O O-O 6. c4 c6 7.
Nc3 d5 8. Bd2 h6 9. Rc1 Be6 10.
b3 d4 11. Na4 Nd7 12. Bb4 b6 13. Nb2 f5 14. e3 c5 15. Ba3 Rc8 16. exd4 exd4 17.
Re1 Bf7 18. Qd2 Nc6 19. b4 cxb4 20. Bxb4 Nxb4 21. Qxb4 Nc5 22. Ne5 Be8 23. f4 Kh7 24. a4 a5 25. Qa3 g5 26. Rc2 gxf4 27. gxf4 Qh4 28. Rf2 Bh5 29. Nd1 Bxe5 30. Rxe5 Bxd1 0-1

[Event "Late-Titled-Tuesday-Blitz-March-19-2024"]
[Site "Chess.com"]
[Date "2024.03.19"]
[Round "1"]
[White "martinmena"]
[Black "arenal72"]
[Result "0-1"]
[WhiteElo "2255"]
[BlackElo "2614"]
[TimeControl "180+1"]
[EndTime "14:05:45 PDT"]
[Termination "arenal72 won on time"]

1. c4 d6 2. g3 e5 3. Bg2 f5 4.
Nc3 Nf6 5. d3 Be7 6. e4 fxe4 7.
dxe4 O-O 8. Nge2 c6 9. O-O Be6 10. b3 Nbd7 11. Bb2 a5 12. f4 Ng4 13. Bh3 Qb6+ 14. Kh1 Nf2+ 15. Rxf2 Bxh3 16. Qg1 Nc5 17. Rd1 Bg4 18. Qg2 a4 19. h3 Bxe2 20. Rxe2 axb3 21.
axb3 Qxb3 22. f5 Qxc4 23. g4 Nd3 0-1

[Event "Late-Titled-Tuesday-Blitz-March-19-2024"]
[Site "Chess.com"]
[Date "2024.03.19"]
[Round "1"]
[White "AmanteDeMoi"]
[Black "Aural1011"]
[Result "1-0"]
[WhiteElo "2574"]
[BlackElo "1793"]
[TimeControl "180+1"]
[EndTime "14:05:47 PDT"]
[Termination "AmanteDeMoi won by resignation"]

1. Nf3 d5 2. e3 Nf6 3. c4 e6 4. b3 Be7 5. Bb2 O-O 6. Be2 b6 7. O-O Bb7 8. d3 c5 9. Nbd2 Nc6 10. Qc2 Nd7 11. a3 Bf6 12. Bxf6 Nxf6 13. cxd5 exd5 14.
Rac1 Rc8 15. Qb2 Qe7 16. Rfd1 Rfd8 17. d4 cxd4 18. Nxd4 Nxd4 19. Rxc8 Rxc8 20. Qxd4 Qxa3 21. Ra1 Qc5 22. Qxc5 bxc5 23. Rxa7 Ba8 24. Ba6 Rd8 25. Rc7 Ne4 26. Nxe4 dxe4 27. Rxc5 g6 28. Rc8 Rxc8 29. Bxc8 Bd5 30. b4 Bc4 31. Bd7 Ba6 32. b5 Bb7 33. Bc6 1-0

[Event "Late-Titled-Tuesday-Blitz-March-19-2024"]
[Site "Chess.com"]
[Date "2024.03.19"]
[Round "1"]
[White "subham777"]
[Black "Mr_Heisenberg13"]
[Result "0-1"]
[WhiteElo "2533"]
[BlackElo "2951"]
[TimeControl "180+1"]
[EndTime "14:05:49 PDT"]
[Termination "Mr_Heisenberg13 won by resignation"]

1. e4 c5 2. Nf3 e6 3. g3 d5 4. exd5 exd5 5. d4 Nf6 6. Bg2 Nc6 7. O-O cxd4 8. Nxd4 Bg4 9. Re1+ Be7 10. f3 Bd7 11.
Nc3 O-O 12. Be3 Rc8 13. Qd2 Ne5 14. Rab1 Nc4 15. Qd3 Nxe3 16. Rxe3 Bc5 17. Kh1 Qb6 18. Nce2 Bb5 19. Nxb5 Bxe3 20. a4 Rfe8 21. f4 Ne4 22. Bxe4 dxe4 23. Qd7 Rcd8 24. Qf5 a6 25. Nbc3 Qc6 26. Kg2 Bd4 27. Nxd4 Rxd4 28. Re1 Rd2+ 29. Kh3 Qh6+ 30. Kg4 g6 0-1

[Event "Late-Titled-Tuesday-Blitz-March-19-2024"]
[Site "Chess.com"]
[Date "2024.03.19"]
[Round "1"]
[White "Fonsofan"]
[Black "emeli_chess"]
[Result "1-0"]
[WhiteElo "2738"]
[BlackElo "2419"]
[TimeControl "180+1"]
[EndTime "14:05:50 PDT"]
[Termination "Fonsofan won by resignation"]

1. Nc3 d5 2. d4 Nf6 3. Bf4 c5 4.
e4 cxd4 5. Qxd4 Nc6 6. Bb5 Bd7 7. Bxc6 Bxc6 8. e5 Ne4 9. Nge2 e6 10. Nxe4 dxe4 11.
Qxd8+ Rxd8 12. Be3 b6 13. Nd4 Bd7 14. O-O-O f5 15.
Rd2 Bb4 16. c3 Be7 17. h4 Kf7 18. Bg5 h6 19. Bxe7 Kxe7 20. h5 Rc8 21. Ne2 Rhd8 22. Rhd1 Be8 23. Rxd8 Rxd8 24. Rxd8 Kxd8 25. Nf4 Ke7 26.
Kd2 Bf7 27. c4 Kd7 28. b4 Kc6 29. Kc3 Bg8 30. b5+ Kc5 31. Ne2 a6 32. a4 1-0

[Event "Late-Titled-Tuesday-Blitz-March-19-2024"]
[Site "Chess.com"]
[Date "2024.03.19"]
[Round "1"]
[White "Navyblue1"]
[Black "GMAneta"]
[Result "0-1"]
[WhiteElo "2212"]
[BlackElo "2608"]
[TimeControl "180+1"]
[EndTime "14:05:52 PDT"]
[Termination "GMAneta won by resignation"]

1. d4 Nf6 2. c4 c5 3. d5 e6 4. Nc3 exd5 5. cxd5 d6 6. e4 g6 7. Be2 Bg7 8. f4 O-O 9. Nf3 Bg4 10. O-O Nbd7 11. Re1 Re8 12. h3 Bxf3 13. Bxf3 a6 14. a4 Rb8 15. a5 b5 16. axb6 Rxb6 17. Qd3 Qc8 18. Ra4 Qb7 19. Kh1 h5 20. Re2 h4 21.
Qd1 Rb4 22. Ra2 c4 23. Qe1 Nc5 24. e5 Nd3 25. Qd1 dxe5 26. fxe5 Rxe5 27. Rxe5 Nxe5 28. d6 Nxf3 29. Qxf3 Nh5 30. Qxb7 Rxb7 31. Rxa6 Ng3+ 32. Kg1 Bd4+ 33. Kh2 Be5 34. Kg1 Rd7 35. Ra8+ Kh7 36. Ra4 Bxc3 37. bxc3 Ne2+ 38. Kf2 Nxc1 39. Rxc4 Rxd6 40.
Rc7 Kg7 41. Ke3 Rd3+ 42. Ke4 Rg3 43. c4 Rxg2 44. c5 Re2+ 45. Kf3 Rc2 46. c6 Nd3 47. Ke3 Ne5 48. Re7 Nxc6 0-1

[Event "Late-Titled-Tuesday-Blitz-March-19-2024"]
[Site "Chess.com"]
[Date "2024.03.19"]
[Round "1"]
[White "LikeWater"]
[Black "ilya2700"]
[Result "1-0"]
[WhiteElo "2652"]
[BlackElo "2313"]
[TimeControl "180+1"]
[EndTime "14:05:54 PDT"]
[Termination "LikeWater won on time"]

1. e4 c5 2. Nf3 e6 3. d4 cxd4 4.
Nxd4 Nf6 5. Nc3 Nc6 6. a3 d5 7. exd5 exd5 8. Bb5 Bd7 9. O-O Be7 10. Re1 O-O 11.
Bf4 Re8 12. Qd3 Qb6 13. Nf5 Bxf5 14. Qxf5 Bc5 15. Bg3 Nd4 16. Qd3 Red8 17. b4 Bf8 18. Bh4 Rac8 19. Ba4 Rc7 20. Rad1 Ne6 21. Bxf6 gxf6 22.
Nxd5 Rxd5 23. Qxd5 Qa6 24. Bb3 Qxa3 25. Qf3 Qxb4 26.
Qxf6 Ng7 27. h4 a5 28. Qe5 Rc6 29. Rd7 1-0

[Event "Late-Titled-Tuesday-Blitz-March-19-2024"]
[Site "Chess.com"]
[Date "2024.03.19"]
[Round "1"]
[White "GiorgianBarbosa"]
[Black "yosephtaher"]
[Result "0-1"]
[WhiteElo "2533"]
[BlackElo "2953"]
[TimeControl "180+1"]
[EndTime "14:05:55 PDT"]
[Termination "yosephtaher won by resignation"]

1. c4 Nf6 2. g3 g6 3. Bg2 Bg7 4. Nc3 O-O 5. e3 d6 6. Nge2 e5 7. O-O Nbd7 8. Rb1 a5 9. a3 h5 10. f4 h4 11. f5 gxf5 12. Rxf5 Nc5 13. Rf1 h3 14. Bh1 Ng4 15. d4 exd4 16. exd4 Ne6 17.
Bf3 Ng5 18. Bxg4 Bxg4 19. Bf4 Nf3+ 20. Rxf3 Bxf3 21. Qd3 Bg4 22. Nd5 Re8 23. Nec3 c6 24. Ne3 Bh5 25. Nf5 Bg6 26. g4 d5 27. cxd5 cxd5 28.
Rd1 Ra6 29. Qxh3 Rae6 30. Nxg7 Kxg7 31. Qh6+ Kg8 32. Be5 Rxe5 33. dxe5 Qb6+ 34. Kf1 Bd3+ 35. Rxd3 Qxh6 36. g5 Qxh2 37. Rg3 Qxg3 38. Nxd5 Qf3+ 0-1

[Event "Late-Titled-Tuesday-Blitz-March-19-2024"]
[Site "Chess.com"]
[Date "2024.03.19"]
[Round "1"]
[White "hell3raiser"]
[Black "AlexTruskavetsky"]
[Result "0-1"]
[WhiteElo "2323"]
[BlackElo "2655"]
[TimeControl "180+1"]
[EndTime "14:05:55 PDT"]
[Termination "AlexTruskavetsky won by resignation"]

1. e4 c5 2. b3 Nc6 3. Bb2 e6 4. Bb5 Nge7 5. f4 a6 6. Bxc6 Nxc6 7. Nf3 d5 8. e5 Be7 9. O-O O-O 10. Kh1 f6 11. d3 fxe5 12. fxe5 Bd7 13. Nbd2 Qc7 14.
Qe2 b5 15. c4 d4 16. Rae1 Rf5 17. Bc1 Raf8 18. h3 Bc8 19. Qe4 Bb7 20. Qg4 Nb4 21. Ne4 Nxd3 22. Bh6 Bd8 23. Nf6+ Bxf6 24. exf6 R5xf6 25. Rxe6 Bc8 26. Rxf6 Bxg4 27. Rxf8+ Kxf8 28. hxg4 gxh6 29. Ne5+ Kg7 30. Nxd3 bxc4 31. bxc4 Qa5 32. Rf5 Qxa2 33. Nxc5 Qxc4 34. Kh2 d3 35. g5 d2 36. gxh6+ Kg6 37. Nd7 Kxf5 0-1

[Event "Late-Titled-Tuesday-Blitz-March-19-2024"]
[Site "Chess.com"]
[Date "2024.03.19"]
[Round "1"]
[White "Lady_Nika"]
[Black "Sina_Movahed"]
[Result "0-1"]
[WhiteElo "2561"]
[BlackElo "3105"]
[TimeControl "180+1"]
[EndTime "14:05:56 PDT"]
[Termination "Sina_Movahed won by resignation"]

1. e4 c5 2. Nc3 d6 3. g3 g6 4. Bg2 Bg7 5. d3 Nc6 6. f4 Rb8 7. Nf3 e6 8. O-O Nge7 9. Rb1 b5 10. Ne2 b4 11. Be3 Qc7 12. c3 a5 13. c4 Bd7 14.
h3 h5 15. b3 a4 16. d4 axb3 17. axb3 cxd4 18. Nexd4 Nd8 19. Qd2 O-O 20. Rfd1 Nb7 21.
Qxb4 Nc5 22. Nb5 Nxe4 23. Nxc7 Rxb4 24. Bd4 Nf5 25. Bxg7 Kxg7 26. g4 hxg4 27. hxg4 Ne3 28. Rd4 Nxg2 29. Kxg2 Bc6 30. Re1 Rc8 31. Na6 Rb6 32.
b4 Rxa6 33. b5 Ra2+ 34. Kg1 Bb7 35. Rdxe4 Bxe4 36. Rxe4 d5 37. cxd5 exd5 38. Rd4 Rc1+ 0-1

[Event "Late-Titled-Tuesday-Blitz-March-19-2024"]
[Site "Chess.com"]
[Date "2024.03.19"]
[Round "1"]
[White "Savagelittlemole"]
[Black "Szparu"]
[Result "0-1"]
[WhiteElo "2475"]
[BlackElo "2797"]
[TimeControl "180+1"]
[EndTime "14:05:57 PDT"]
[Termination "Szparu won by resignation"]

1. d4 Nf6 2. Bg5 c5 3. d5 Ne4 4.
Bc1 e6 5. f3 Nf6 6. Nc3 b5 7.
dxe6 fxe6 8. Nxb5 d5 9. Bd2 Nc6 10. Nh3 Rb8 11. e3 e5 12. Nf2 c4 13. c3 Rxb5 14.
b3 Be6 15. bxc4 dxc4 16. Qa4 Qa5 17. Qc2 Bc5 18. g4 O-O 19. g5 Nd5 20. Bxc4 Rbb8 21.
O-O Qd8 22. Rad1 Qxg5+ 23. Kh1 Qh5 24. Ne4 Be7 25. Bc1 Rxf3 26. Qg2 Rxf1+ 27. Qxf1 Rf8 28.
Qd3 Qf3+ 29. Kg1 Kh8 30. Ng3 Nf4 31. Qf1 Nh3+ 0-1

[Event "Late-Titled-Tuesday-Blitz-March-19-2024"]
[Site "Chess.com"]
[Date "2024.03.19"]
[Round "1"]
[White "kassablanca"]
[Black "ljuks68"]
[Result "1-0"]
[WhiteElo "2737"]
[BlackElo "2415"]
[TimeControl "180+1"]
[EndTime "14:05:59 PDT"]
[Termination "kassablanca won on time"]

1. e3 d5 2. d4 Nf6 3. c4 c6 4.
Nc3 e6 5. Nf3 Nbd7 6. Be2 dxc4 7.
a4 Bb4 8. O-O O-O 9. Bxc4 Qe7 10. h3 e5 11. Bb3 exd4 12. exd4 Nb6 13. Re1 Qc7 14. Ne5 Nbd5 15. Qf3 Be6 16. Bc2 Qa5 17. Bd2 Rad8 18. Re2 Qb6 19. Qd3 g6 20. a5 Qc7 21.
a6 Bf5 22. Qc4 Bxc3 23. Bxc3 Bxc2 24. Rxc2 Nb6 25. Qb3 1-0

[Event "Late-Titled-Tuesday-Blitz-March-19-2024"]
[Site "Chess.com"]
[Date "2024.03.19"]
[Round "1"]
[White "Franmu14"]
[Black "Supelyel"]
[Result "1-0"]
[WhiteElo "2721"]
[BlackElo "2400"]
[TimeControl "180+1"]
[EndTime "14:06:00 PDT"]
[Termination "Franmu14 won by resignation"]

1. e4 d6 2. Nc3 e5 3. d4 Nd7 4. Be3 Ngf6 5. f3 Be7 6. Nge2 c6 7. Qd2 a6 8. O-O-O b5 9. g4 O-O 10. Ng3 b4 11. Na4 d5 12. g5 Ne8 13. dxe5 Nxe5 14. f4 Ng6 15. Nb6 Rb8 16. Nxc8 Qxc8 17. exd5 cxd5 18. Qxd5 Nc7 19. Qe4 Re8 20. Qf3 Nb5 21.
Bxb5 axb5 22. Rhe1 Qa6 23. Kb1 Ra8 24. Qd5 Red8 25.
Qb3 Rdc8 26. Nf5 Bf8 27. h4 Rc4 28. Rd4 Qc8 29. h5 Qxf5 30. hxg6 hxg6 31. Rxc4 bxc4 32. Qxc4 Rc8 33. Qd3 Qa5 34. Bd4 Ra8 35. Qb3 Qf5 36. Be5 Re8 37. Rh1 Bd6 38. Bxd6 Re2 39. Qc4 Re8 40. Qd3 b3 41. Qxf5 1-0

[Event "Late-Titled-Tuesday-Blitz-March-19-2024"]
[Site "Chess.com"]
[Date "2024.03.19"]
[Round "1"]
[White "MagnusCarlsen"]
[Black "Pingah9"]
[Result "1-0"]
[WhiteElo "3255"]
[BlackElo "2572"]
[TimeControl "180+1"]
[EndTime "14:06:02 PDT"]
[Termination "MagnusCarlsen won by resignation"]

1. e4 e6 2. g3 d5 3. Bg2 Nf6 4. Nc3 dxe4 5. b3 Bd7 6. Bb2 Bc6 7. Qe2 Nbd7 8. O-O-O Bd6 9. Nxe4 Nxe4 10. Bxe4 Bxe4 11. Qxe4 Nc5 12. Qg4 Rg8 13. d4 Nd7 14. Qe4 c6 15.
Qxh7 Nf6 16. Qd3 Qa5 17. Kb1 O-O-O 18. Nf3 Nd5 19. c3 Ba3 20. Ne5 Bxb2 21. Kxb2 Qc7 22.
Rhe1 Kb8 23. h4 a6 24. c4 Nb4 25. Qc3 a5 26. h5 f6 27. Ng6 Rge8 28. a3 Na6 29.
Nf4 e5 30. dxe5 Rxd1 31. Rxd1 Rxe5 32. Qd4 Nc5 33. Qd8+ Qxd8 34. Rxd8+ Kc7 35. Rg8 Re7 36. b4 axb4 37. axb4 Ne4 38. Rxg7 Rxg7 39. Ne6+ Kd6 40. Nxg7 Ke5 41. h6 1-0

[Event "Late-Titled-Tuesday-Blitz-March-19-2024"]
[Site "Chess.com"]
[Date "2024.03.19"]
[Round "1"]
[White "joksijoksi"]
[Black "cthake"]
[Result "1-0"]
[WhiteElo "2575"]
[BlackElo "1822"]
[TimeControl "180+1"]
[EndTime "14:06:02 PDT"]
[Termination "joksijoksi won on time"]

1. d4 Nf6 2. c4 e6 3. Nf3 b6 4. g3 Bb7 5. Bg2 Bb4+ 6. Bd2 Bxd2+ 7. Qxd2 O-O 8. Nc3 d5 9. cxd5 Nxd5 10. O-O Nxc3 11.
Qxc3 Nd7 12. Rfd1 Nf6 13. Rac1 Rc8 14. Ne5 Nd5 15. Qa3 Re8 16. Nc6 Bxc6 17. Rxc6 a5 18. e4 Nb4 19. Rcc1 Qe7 20. Qb3 Red8 21. a3 Na6 22.
Qb5 Nb8 23. d5 exd5 24. exd5 Rd6 25. Re1 Qd8 26. b4 axb4 27. axb4 g6 28. Ra1 f5 29.
Re6 Rxe6 30. dxe6 Qe8 31. Qc4 Qe7 32. Rd1 c5 33. b5 Kg7 34. Qc3+ Kg8 35. Qe5 Rc7 36. Ra1 Rc8 37. Bd5 Re8 38. Ra7 1-0

[Event "Late-Titled-Tuesday-Blitz-March-19-2024"]
[Site "Chess.com"]
[Date "2024.03.19"]
[Round "1"]
[White "Zhigalko_Sergei"]
[Black "Sinquefield"]
[Result "1-0"]
[WhiteElo "2881"]
[BlackElo "2512"]
[TimeControl "180+1"]
[EndTime "14:06:03 PDT"]
[Termination "Zhigalko_Sergei won by resignation"]

1. g4 e5 2. c4 d5 3. cxd5 Qxd5 4. Nf3 Bxg4 5. Nc3 Qe6 6. Ng5 Qd7 7. Qb3 c6 8. Rg1 Nf6 9. d3 h6 10. Nge4 Be6 11. Qc2 Nxe4 12. Nxe4 Na6 13. a3 f5 14.
Nd2 Nc7 15. Nc4 Bxc4 16. Qxc4 Qd5 17. Qh4 Ne6 18. Qh5+ Kd8 19. e3 e4 20. Bd2 Ng5 21. Rxg5 exd3 22. Rxf5 Qe6 23. Re5 Qd7 24. Bh3 Qd6 25.
Re8+ Kc7 26. Rxa8 g6 27. Rc8+ 1-0

[Event "Late-Titled-Tuesday-Blitz-March-19-2024"]
[Site "Chess.com"]
[Date "2024.03.19"]
[Round "1"]
[White "Stanbad1"]
[Black "katharinareinecke"]
[Result "1-0"]
[WhiteElo "2580"]
[BlackElo "1980"]
[TimeControl "180+1"]
[EndTime "14:06:03 PDT"]
[Termination "Stanbad1 won by checkmate"]

1. d4 d5 2. Nc3 Nf6 3. Bf4 e6 4. Nb5 Na6 5. e3 c6 6. Nc3 Bd6 7. Bxd6 Qxd6 8. Nf3 O-O 9. Bxa6 bxa6 10. O-O Bb7 11.
Ne5 Nd7 12. Nxd7 Qxd7 13. Na4 Qe7 14. Nc5 a5 15. c3 Rab8 16. Qa4 Qc7 17. Rab1 Rfe8 18.
Rfc1 e5 19. h3 exd4 20. cxd4 Bc8 21. a3 Bf5 22. Na6 Qb6 23. Nxb8 Bxb1 24. Qxc6 Qxb8 25. Rxb1 Qd8 26. b4 Re6 27. Qc5 axb4 28. Rxb4 Rb6 29. g3 Rxb4 30. axb4 g6 31. Kg2 h5 32. Qxa7 Kg7 33.
Qc5 Qd7 34. b5 Qe6 35. Qc2 Qb6 36. Qb3 Qe6 37. b6 Qe4+ 38. Kg1 Qf3 39. b7 Qe2 40. b8=Q Qe1+ 41. Kg2 Qe2 42. Qe5+ f6 43. Qb7+ Kh6 44.
Qf4+ g5 45. Qxf6# 1-0

[Event "Late-Titled-Tuesday-Blitz-March-19-2024"]
[Site "Chess.com"]
[Date "2024.03.19"]
[Round "1"]
[White "Legendinunknown"]
[Black "Eloist"]
[Result "1-0"]
[WhiteElo "2841"]
[BlackElo "2493"]
[TimeControl "180+1"]
[EndTime "14:06:04 PDT"]
[Termination "Legendinunknown won on time"]

1. d4 e6 2. e4 d5 3. Nc3 Nf6 4. e5 Nfd7 5. Nce2 c5 6. c3 Nc6 7. Nf3 Be7 8. a3 O-O 9. g3 b5 10. h4 a5 11. Bh3 Rb8 12. O-O b4 13. Nf4 bxa3 14. bxa3 cxd4 15. cxd4 Nb6 16. h5 Nc4 17. h6 g6 18. Kg2 Bd7 19. Rh1 a4 20. Ra2 Rb3 21. Nd3 Qb6 22. Nc5 Bxc5 23. dxc5 Qxc5 24.
Bf4 Rfb8 25. Rf1 d4 26. Ng5 Qd5+ 27. Kh2 N6xe5 28. Bg2 Qc5 29. Ne4 Qe7 30. Qxd4 Rd3 31. Qa7 Nc6 32. Qa6 e5 33. Bg5 Qe6 34. Nf6+ Kh8 35. Nxd7 Rxd7 36. Qxc6 Qxc6 37. Bxc6 Rd6 38. Bg2 f6 39. Be3 Rb3 40. Rc1 1-0

[Event "Late-Titled-Tuesday-Blitz-March-19-2024"]
[Site "Chess.com"]
[Date "2024.03.19"]
[Round "1"]
[White "vladislavkovalev"]
[Black "MidnightFox"]
[Result "1-0"]
[WhiteElo "2862"]
[BlackElo "2502"]
[TimeControl "180+1"]
[EndTime "14:06:06 PDT"]
[Termination "vladislavkovalev won by resignation"]

1. e4 c5 2. Nf3 d6 3. d4 cxd4 4. Nxd4 Nf6 5. f3 g6 6. Nc3 Bg7 7. Be3 O-O 8. Qd2 Nc6 9. O-O-O d5 10. exd5 Nxd5 11. Nxc6 bxc6 12. Bd4 e5 13. Bc5 Re8 14. Ne4 Be6 15. h4 a5 16. Bc4 Qb8 17. h5 Nf4 18. Bxe6 Nxe6 19. Bd6 Qb5 20. hxg6 hxg6 21. g4 Rab8 22.
b3 Rb7 23. Qh2 f6 24. Qh7+ Kf7 25. Ba3 Ng5 26. Nd6+ Ke6 27. Qxg6 1-0

[Event "Late-Titled-Tuesday-Blitz-March-19-2024"]
[Site "Chess.com"]
[Date "2024.03.19"]
[Round "1"]
[White "ameetghasi100"]
[Black "sorch29"]
[Result "1-0"]
[WhiteElo "2797"]
[BlackElo "2475"]
[TimeControl "180+1"]
[EndTime "14:06:06 PDT"]
[Termination "ameetghasi100 won by resignation"]

1. b3 Nf6 2. Bb2 g6 3. e3 Bg7 4.
d4 O-O 5. Nf3 b6 6. Be2 Bb7 7.
O-O c5 8. c4 cxd4 9. Nxd4 Nc6 10. Bf3 a6 11. Nc3 Qc7 12. Rc1 Nxd4 13. Bxb7 Qxb7 14.
Qxd4 Ne4 15. Qxe4 Qxe4 16. Nxe4 Bxb2 17. Rc2 Bg7 18. Rd1 d6 19. Kf1 Rfc8 20. Ke2 Rc7 21. g4 Rac8 22. g5 Kf8 23. h4 h5 24. Rcd2 Ke8 25.
Rd5 Rc6 26. f4 Kd7 27. a4 Kc7 28. f5 gxf5 29. Rxf5 Rf8 30. Rdf1 1-0

[Event "Late-Titled-Tuesday-Blitz-March-19-2024"]
[Site "Chess.com"]
[Date "2024.03.19"]
[Round "1"]
[White "Supergiuly"]
[Black "bescmelasti"]
[Result "0-1"]
[WhiteElo "2355"]
[BlackElo "2673"]
[TimeControl "180+1"]
[EndTime "14:06:07 PDT"]
[Termination "bescmelasti won by resignation"]

1. e4 c5 2. Ne2 Nc6 3. g3 g6 4. Bg2 Bg7 5. O-O Nf6 6. c3 d5 7. exd5 Nxd5 8. Qb3 Nb6 9. d4 cxd4 10. cxd4 Be6 11.
Qe3 O-O 12. Rd1 Nd5 13. Qd2 Qd7 14. Nbc3 Rfd8 15. Qc2 Rac8 16. a3 Nxc3 17. bxc3 Nxd4 18. Nxd4 Bxd4 19. Be3 Rxc3 20. Qd2 Rxe3 21. fxe3 Bxa1 22. Qxd7 Rxd7 23. Rxa1 b6 24. Rc1 Rd3 25. Rc7 Rxa3 26. Rxe7 a5 27. Rb7 Rb3 28. Bf1 a4 29. Kf2 a3 30.
Ke2 a2 31. Ra7 Rb1 0-1

[Event "Late-Titled-Tuesday-Blitz-March-19-2024"]
[Site "Chess.com"]
[Date "2024.03.19"]
[Round "1"]
[White "ncofre98"]
[Black "Janh4"]
[Result "1-0"]
[WhiteElo "2599"]
[BlackElo "2160"]
[TimeControl "180+1"]
[EndTime "14:06:07 PDT"]
[Termination "ncofre98 won by resignation"]

1. e4 c6 2. d4 d5 3. exd5 cxd5 4.
c4 Nf6 5. Nc3 Nc6 6. Bg5 e6 7.
Nf3 Be7 8. Bd3 a6 9. O-O O-O 10. Re1 dxc4 11. Bxc4 b5 12. Bb3 Bb7 13. Qe2 Na5 14. Bc2 Bxf3 15. Qxf3 Qxd4 16. Rad1 Qa7 17. Qh3 g6 18. Qh4 b4 19. Bxf6 Bxf6 20. Qxf6 bxc3 21.
Qxc3 Qb6 22. Qf6 Rad8 23. h4 Rxd1 24. Rxd1 Rc8 25. h5 Qc5 26. hxg6 hxg6 27. Bxg6 fxg6 28. Qxg6+ Kf8 29. Qf6+ Kg8 30. Rd7 1-0

[Event "Late-Titled-Tuesday-Blitz-March-19-2024"]
[Site "Chess.com"]
[Date "2024.03.19"]
[Round "1"]
[White "AccioChess"]
[Black "Kampkatten"]
[Result "0-1"]
[WhiteElo "2493"]
[BlackElo "2842"]
[TimeControl "180+1"]
[EndTime "14:06:09 PDT"]
[Termination "Kampkatten won by resignation"]

1. e4 g6 2. d4 Nf6 3. Nc3 d5 4. e5 Ne4 5. Nxe4 dxe4 6. c3 c5 7. d5 Bg7 8. Qa4+ Bd7 9. Qxe4 O-O 10. f4 e6 11. dxe6 Bxe6 12. Bc4 Bxc4 13. Qxc4 Qh4+ 14.
g3 Qg4 15. Qe2 Qf5 16. Nf3 Nc6 17. O-O f6 18. exf6 Bxf6 19. Be3 Kg7 20. Rad1 Rfe8 21. Qf2 b6 22. Rfe1 Rad8 23. Ng5 Rxd1 24. Rxd1 h6 25.
Nf3 Qe6 26. Bc1 Qxa2 27. Re1 Rxe1+ 28. Qxe1 Qd5 29. Kf2 g5 30. fxg5 hxg5 31. h4 g4 32. Ng5 Ne5 33. Qe4 Qxe4 34. Nxe4 Nd3+ 35. Ke3 Nxc1 0-1

[Event "Late-Titled-Tuesday-Blitz-March-19-2024"]
[Site "Chess.com"]
[Date "2024.03.19"]
[Round "1"]
[White "DenLaz"]
[Black "ExtremeLearner"]
[Result "1-0"]
[WhiteElo "3112"]
[BlackElo "2561"]
[TimeControl "180+1"]
[EndTime "14:06:10 PDT"]
[Termination "DenLaz won by resignation"]

1. d4 Nf6 2. c4 e6 3. Nf3 d5 4.
g3 h6 5. Bg2 Bd6 6. O-O O-O 7.
b3 b6 8. Bb2 Bb7 9. Nc3 Nbd7 10. Rc1 Qe7 11. Nb5 a6 12. Nxd6 cxd6 13. Ba3 Rfd8 14.
Nd2 Nf8 15. Qc2 Rac8 16. Qb1 dxc4 17. Bxb7 Qxb7 18. Nxc4 Rc6 19. e4 b5 20. Nxd6 Rdxd6 21. Bxd6 Rxd6 22. e5 Rxd4 23. exf6 Ng6 24. Qc2 Qf3 25. Qc6 Qxf6 26. Rfd1 Rxd1+ 27. Rxd1 Ne5 28. Qa8+ Kh7 29. Qe4+ g6 30. Kg2 Kg7 31. Qf4 Qxf4 32. gxf4 Nc6 33. Rd6 Nb4 34. a3 Nd5 35. Rxa6 Nxf4+ 36. Kf3 Nd5 37. a4 bxa4 38. bxa4 Kf6 39. a5 g5 40. Rc6 Nb4 41. Rb6 Nd5 42. Rb5 h5 43. a6 g4+ 44. Kg2 Nc7 45. Rb6 Nxa6 46. Rxa6 Kf5 47. Ra5+ Kg6 48. h3 f5 49. hxg4 hxg4 50.
Kg3 Kf6 51. Kf4 1-0

[Event "Late-Titled-Tuesday-Blitz-March-19-2024"]
[Site "Chess.com"]
[Date "2024.03.19"]
[Round "1"]
[White "Veganator13"]
[Black "marcodobrikov"]
[Result "0-1"]
[WhiteElo "2391"]
[BlackElo "2701"]
[TimeControl "180+1"]
[EndTime "14:06:10 PDT"]
[Termination "marcodobrikov won by resignation"]

1. c4 e6 2. g3 d5 3. Bg2 dxc4 4. Nf3 Nf6 5. O-O a6 6. Qc2 Nbd7 7. Qxc4 b5 8. Qc6 Rb8 9. d3 Bb7 10. Qc2 Bd6 11. Nbd2 O-O 12. d4 c5 13. dxc5 Nxc5 14.
Ng5 Bxg2 15. Kxg2 Rc8 16. Qb1 Be5 17. Kg1 Na4 18. Nde4 g6 19. Nxf6+ Qxf6 20. Ne4 Qg7 21. Qd3 Rfd8 22. Qf3 Bxb2 23. Bxb2 Nxb2 24. Nf6+ Kh8 25. Rfd1 Nc4 26. g4 h6 27. h4 g5 28. hxg5 Qxg5 29.
Kg2 Ne5 0-1

[Event "Late-Titled-Tuesday-Blitz-March-19-2024"]
[Site "Chess.com"]
[Date "2024.03.19"]
[Round "1"]
[White "Jahonas"]
[Black "Suleyman_Chess06"]
[Result "0-1"]
[WhiteElo "2364"]
[BlackElo "2682"]
[TimeControl "180+1"]
[EndTime "14:06:10 PDT"]
[Termination "Suleyman_Chess06 won by resignation"]

1. d4 d5 2. Nf3 Nf6 3. c3 e6 4.
Bf4 Bd6 5. Bg3 O-O 6. Nbd2 b6 7. e3 Ba6 8. Bxa6 Nxa6 9. Qe2 Nb8 10. e4 dxe4 11. Nxe4 Nxe4 12. Qxe4 Nd7 13. Bxd6 cxd6 14. O-O Nf6 15. Qe2 Qc7 16. a4 Rfc8 17. Rfe1 h6 18.
Nd2 a6 19. h3 b5 20. Ne4 Nxe4 21. Qxe4 Rab8 22. axb5 Rxb5 23. Re2 Qb6 24. Ra2 a5 25. g3 d5 26. Qf4 Ra8 27. h4 a4 28.
Kg2 Rb3 29. Qf3 Qb5 30. Rd2 Qc4 31. Qd3 Qc6 32. Rd1 Rab8 33. Rda1 Rxb2 34. Rxa4 R2b3 35. R4a3 g6 36. Qc2 Rb2 37. Qd3 Qb5 38. Qxb5 R8xb5 39.
Re1 Rc2 40. Re3 Rb7 41. g4 Rc7 42. Rf3 Kg7 43. g5 h5 44. Kg3 Rc1 45. Kg2 Rb1 46.
Re3 Rbb7 47. Rf3 Re7 48. Re3 Rbc7 49. Kf3 Re8 50. Kg2 Rb8 51. Rf3 Rb1 52. Re3 Rc1 53. Rf3 Re1 54. Re3 Rxe3 55. fxe3 Rb7 56. Ra2 Rb1 57.
Rc2 Re1 58. Kf2 Rh1 59. Kg3 Rg1+ 60. Kf2 Rg4 61. c4 dxc4 62. Rxc4 Rxh4 63. Rc5 Rg4 64. Kf3 Rg1 65. e4 h4 66. Kf4 h3 0-1

[Event "Late-Titled-Tuesday-Blitz-March-19-2024"]
[Site "Chess.com"]
[Date "2024.03.19"]
[Round "1"]
[White "yuriydovzik"]
[Black "Kumi29"]
[Result "1-0"]
[WhiteElo "2118"]
[BlackElo "2573"]
[TimeControl "180+1"]
[EndTime "14:06:12 PDT"]
[Termination "yuriydovzik won by checkmate"]

1. Nf3 e6 2. d4 b6 3. g3 Bb7 4. Bg2 f5 5. O-O Nf6 6. c4 Be7 7. d5 exd5 8. Nd4 g6 9. Nc3 c6 10. cxd5 Nxd5 11. Nxd5 cxd5 12. Nb5 a6 13. Nc3 Nc6 14.
Nxd5 O-O 15. Bh6 Re8 16. Qd2 Rb8 17. Rad1 Bf8 18. Bg5 Be7 19. Bxe7 Rxe7 20. Nxe7+ Qxe7 21. Qxd7 Qxe2 22. Bxc6 Bxc6 23. Qxc6 Qxb2 24. Rd7 Qxa2 25. Qc7 Re8 26. Rg7+ Kf8 27. Rxh7 Kg8 28. Qg7# 1-0

[Event "Late-Titled-Tuesday-Blitz-March-19-2024"]
[Site "Chess.com"]
[Date "2024.03.19"]
[Round "1"]
[White "NathanHoover"]
[Black "DrCeltic"]
[Result "0-1"]
[WhiteElo "1846"]
[BlackElo "2575"]
[TimeControl "180+1"]
[EndTime "14:06:13 PDT"]
[Termination "DrCeltic won by checkmate"]

1. e4 c5 2. b4 b6 3. bxc5 bxc5 4.
Bc4 e6 5. Nf3 Nf6 6. e5 d5 7.
exd6 Bxd6 8. O-O O-O 9. Bb2 Bb7 10. Re1 Nbd7 11. d3 Qc7 12. h3 Rad8 13. Nbd2 Nd5 14. Bxd5 Bxd5 15. c4 Bc6 16. Qc2 Rb8 17. Qc3 e5 18.
Ne4 f6 19. Ba3 Rfd8 20. Rab1 Rxb1 21. Rxb1 Nf8 22. Bxc5 Bxc5 23. Nxc5 Bxf3 24. Na6 Qd6 25. Nb4 Ba8 26. Qb3 Kh8 27. Qa4 Ne6 28. Qxa7 Nf4 29. Rb3 Bxg2 30. Ra3 e4 31. c5 Qd4 32. Nc6 Qa1+ 33. Kh2 Rg8 34. Ne7 Qh1+ 35. Kg3 Qxh3+ 36. Kxf4 Qf3# 0-1